 Dungeon Sprint DCSS version 0.29.1-4-g47bece8355 (webtiles) character file.

Game seed: 12636173067884635589

5152 boopmooplesden the Peltast (level 10, -8/102 HPs)
             Began as a Minotaur Berserker on Dec 7, 2022.
             Was a High Priest of Trog.
             Mangled by a vault warden
             ... wielding a +0 battleaxe
              (16 damage)
             ... in the Dungeon (Sprint V: "Ziggurat Sprint").
             The game lasted 00:03:01 (503 turns).

boopmooplesden the Peltast (Minotaur Berserker)      Turns: 503, Time: 00:03:02

Health: -8/102     AC: 36    Str: 33    XL:     10   Next: 33%
Magic:  9/9        EV:  4    Int:  6    God:    Trog [*****.]
Gold:   0          SH: 31    Dex:  9    Spells: 9/9 levels left

rFire   + + .      SeeInvis +   s - +10 lance "Wyrmbane" {slay drac, rPois rF+ rC+ AC+3}
rCold   + . .      Faith    .   u - +18 shield of the Gong {rElec rN+ Will+ EV-5}
rNeg    + . .      Spirit   .   t - +15 Maxwell's patent armour {-Cast -Tele rElec Will+ rCorr}
rPois   +          Reflect  .   A - +0 hat {SInv}
rElec   +          Harm     .   (no cloak)
rCorr   +          Rampage  .   (no gloves)
Will    +....      NoTele   +   B - +1 pair of boots of the Grim Hot Ocelot {rElec rPois Will- Int+2}
Stlth   .......... NoCast   +   (no amulet)
HPRegen 0.27/turn               q - +6 ring of strength
MPRegen 0.11/turn               x - ring of protection from fire

@: on berserk cooldown
A: horns 2, retaliatory headbutt
a: Renounce Religion, Berserk, Trog's Hand, Brothers in Arms


You were in the Dungeon.
You worshipped Trog.
Trog was extremely pleased with you.
You visited 1 branch

Inventory:

Hand Weapons
 a - a +0 spear
 s - the +10 lance "Wyrmbane" (weapon) {slay drac, rPois rF+ rC+ AC+3}
   (You found it in the Dungeon)

   It inflicts extra damage against dragons and draconians.
   AC:        It affects your AC (+3).
   rF:        It protects you from fire.
   rC:        It protects you from cold.
   rPois:     It protects you from poison.
 v - a +5 bardiche
Armour
 b - a +0 animal skin
 t - the +15 Maxwell's patent armour (worn) {-Cast -Tele rElec Will+ rCorr}
   (You found it in the Dungeon)

   rElec:     It insulates you from electricity.
   -Cast:     It prevents spellcasting.
   -Tele:     It prevents most forms of teleportation.
   rCorr:     It protects you from acid and corrosion.
   Will:      It increases your willpower.
 u - the +18 shield of the Gong (worn) {rElec rN+ Will+ EV-5}
   (You found it in the Dungeon)

   It is deafeningly noisy when blocking attacks.
   EV:        It affects your evasion (-5).
   rElec:     It insulates you from electricity.
   rN:        It protects you from negative energy.
   Will:      It increases your willpower.
 A - a +0 hat of see invisible (worn)
 B - the +1 pair of boots of the Grim Hot Ocelot (worn) {rElec rPois Will- Int+2}
   (You found it in the Dungeon)

   Int:       It affects your intelligence (+2).
   rElec:     It insulates you from electricity.
   rPois:     It protects you from poison.
   Will:      It decreases your willpower.
Jewellery
 k - a ring of flight
 l - a +6 ring of dexterity
 m - a +6 ring of dexterity
 n - a +6 ring of intelligence
 o - a +6 ring of intelligence
 p - a +6 ring of strength
 q - a +6 ring of strength (left hand)
 x - a ring of protection from fire (right hand)
Wands
 i - a wand of mindburst (7)
 j - a wand of light (7)
Scrolls
 h - a scroll of blinking
 y - a scroll of fog
 z - a scroll of brand weapon
Potions
 c - a potion of curing
 d - 5 potions of heal wounds
 e - a potion of haste
 f - 2 potions of magic
 g - a potion of berserk rage
Miscellaneous
 r - a lightning rod (4/4)
 w - a condenser vane


   Skills:
 + Level 13.7 Fighting
 + Level 14.6 Polearms
 + Level 12.5 Armour
 + Level 6.7 Dodging
 + Level 17.0 Shields
 + Level 0.7 Evocations


You had 9 spell levels left.
You didn't know any spells.
Your spell library was empty.

Dungeon Overview and Level Annotations

Branches:
Dungeon (1/1)

Altars:
Ashenzari
Cheibriados
Dithmenos
Elyvilon
Fedhas
Gozag
Hepliaklqana
Kikubaaqudgha
Makhleb
Nemelex Xobeh
Okawaru
Qazlal
Ru
Sif Muna
Trog
Uskayaw
Vehumet
Wu Jian
Xom
Yredelemnul
Zin
The Shining One
Jiyva
Lugonu

Annotations:
D 1 transporter


Innate Abilities, Weirdness & Mutations

You have a pair of horns on your head.
You reflexively headbutt those who attack you in melee.


Message History

The vault warden is moderately wounded.
The vault warden is engulfed in freezing vapours.
You block the vault warden's attack.
GONNNNG!
The ironbound convoker is engulfed in freezing vapours.
You block the ironbound convoker's attack.
GONNNNG!
The vault guard is engulfed in freezing vapours.
The vault guard hits you but does no damage.
The ironbound preserver is engulfed in freezing vapours.
You kill the ironbound preserver!
Trog accepts your kill.
Trog appreciates your killing of a magic user.
Your condenser vane has recharged.
Your Shields skill increases to level 17!
You puncture the vault warden! Your headbutt misses the vault warden.
The vault warden is heavily wounded.
The yaktaur captain is engulfed in freezing vapours.
You block the yaktaur captain's attack.
GONNNNG!
The vault warden is engulfed in freezing vapours.
The vault warden hits you with a +0 battleaxe!!
* * * LOW HITPOINT WARNING * * *
You puncture the vault warden!
The vault warden is severely wounded.
The ironbound convoker is engulfed in freezing vapours.
You block the ironbound convoker's attack.
GONNNNG!
The vault guard is engulfed in freezing vapours.
You block the vault guard's attack.
GONNNNG!
The vault warden is engulfed in freezing vapours.
You block the vault warden's attack.
GONNNNG!
The yaktaur captain is engulfed in freezing vapours.
The yaktaur captain hits you.
* * * LOW HITPOINT WARNING * * *
The vault warden is engulfed in freezing vapours.
The vault warden hits you with a +0 battleaxe!
You die...

▓.▓...▓.▓
▓...©...▓
▓▓▓▓▓▓▓▓▓
▓..8©8..▓
▓..)[:..▓
▓.§§○)..▓
▓§§§§§§.▓
▓☼§cpp§.▓
▓§§p@p§.▓
▓.§§§§§.▓
▓.▓...▓.▓
▓...©...▓
▓▓▓▓▓▓▓▓▓


You could see 2 vault wardens, a yaktaur captain, a vault guard and an ironbound
convoker.

Vanquished Creatures
  An ironbound preserver (D)
  A green draconian (D)
  A white draconian (D)
  4 draconians (D)
  4 air elementals (D)
  A yak (D)
  A black bear (D)
  5 wolves (D)
  2 scorpions (D)
  An iguana (D)
  A river rat (D)
  3 jackals (D)
25 creatures vanquished.

Notes
Turn   | Place    | Note
-------+----------+-------------------------------------------
     0 | D        | boopmooplesden the Minotaur Berserker began the quest for
                  | the Orb.
     0 | D        | Reached XP level 1. HP: 19/19 MP: 0/0
     0 | D        | Found a shimmering blue altar of Sif Muna.
     0 | D        | Found a bloodstained altar of Trog.
     0 | D        | Found a sacrificial altar of Ru.
     0 | D        | Found a stormy altar of Qazlal.
     0 | D        | Found an iron altar of Okawaru.
     4 | D        | Found a sparkling altar of Nemelex Xobeh.
     4 | D        | Found the +6 Majin-Bo {vamp, MP+6 Int+6}
     4 | D        | Found the +9 heavy crossbow "Sniper" {vorpal, Acc+∞ SInv}
     4 | D        | Found the +10 dark maul {vorpal}
     4 | D        | Found the +15 Maxwell's patent armour {-Cast -Tele rElec
                  | Will+ rCorr}
     4 | D        | Found the +18 shield of the Gong {rElec rN+ Will+ EV-5}
     4 | D        | Found the +14 obsidian axe {vorpal, Mesm Drain Fly SInv}
     4 | D        | Found the +7 great mace "Firestarter" {inner flame, rF++}
     4 | D        | Found the +6 shillelagh "Devastator" {shatter}
     4 | D        | Found the +11 plutonium sword {Contam Stlth-}
     4 | D        | Found the +8 lance "Wyrmbane" {slay drac, rPois rF+ rC+
                  | AC+3}
     4 | D        | Found the +9 sword of Zonguldrok {reap}
     4 | D        | Found the +13 scythe of Curses {drain, Drain}
     4 | D        | Found the +5 sword of Power {vorpal}
     4 | D        | Found the +7 mace of Variability {chain chaos}
     4 | D        | Found the +7 Singing Sword {vorpal, sonic wave}
     4 | D        | Found the +8 storm bow {elec, penet}
     6 | D        | Found a corrupted altar of Lugonu.
     6 | D        | Found an ancient bone altar of Kikubaaqudgha.
     6 | D        | Found a burning altar of Makhleb.
     6 | D        | Found a transporter.
     6 | D        | Found a viscous altar of Jiyva.
     6 | D        | Found a hazy altar of Hepliaklqana.
    36 | D        | Found an opulent altar of Gozag.
    37 | D        | Found a blossoming altar of Fedhas.
    54 | D        | Entered arena 2.
    54 | D        | Noticed a scorpion
    54 | D        | Noticed a scorpion
    54 | D        | Found a transporter.
    57 | D        | Killed a scorpion
    58 | D        | Reached skill level 1 in Shields
    58 | D        | Reached XP level 2. HP: 31/31 MP: 1/1
    58 | D        | Reached XP level 3. HP: 38/38 MP: 2/2
    61 | D        | Killed a scorpion
    62 | D        | Reached skill level 2 in Shields
    62 | D        | Reached XP level 4. HP: 47/47 MP: 3/3
    69 | D        | Entered arena 3.
    69 | D        | Noticed a yak
    69 | D        | Noticed a wolf
    69 | D        | Found a transporter.
    75 | D        | Reached ** piety under Trog
    78 | D        | Killed a wolf
    79 | D        | Reached skill level 5 in Armour
    79 | D        | Reached skill level 3 in Shields
    79 | D        | Reached XP level 5. HP: 56/56 MP: 4/4
    80 | D        | Killed a yak
    81 | D        | Reached skill level 10 in Polearms
    81 | D        | Reached skill level 5 in Dodging
    81 | D        | Reached skill level 4 in Shields
    81 | D        | Reached XP level 6. HP: 66/66 MP: 5/5
    85 | D        | Entered arena 4.
    85 | D        | Noticed an air elemental
    85 | D        | Noticed an air elemental
    85 | D        | Noticed an air elemental
    85 | D        | Noticed an air elemental
    85 | D        | Found a transporter.
    85 | D        | Paralysed by an air elemental for 1 turns
    91 | D        | Paralysed by an air elemental for 1 turns
    93 | D        | Killed an air elemental
    94 | D        | Reached skill level 10 in Fighting
    94 | D        | Reached skill level 5 in Shields
    98 | D        | Killed an air elemental
    98 | D        | Reached *** piety under Trog
    99 | D        | Reached skill level 6 in Shields
    99 | D        | Reached XP level 7. HP: 33/74 MP: 6/6
   100 | D        | Paralysed by an air elemental for 1 turns
   106 | D        | Killed an air elemental
   107 | D        | Reached skill level 7 in Shields
   109 | D        | Paralysed by an air elemental for 1 turns
   111 | D        | Killed an air elemental
   112 | D        | Reached skill level 8 in Shields
   368 | D        | Entered arena 5.
   368 | D        | Found a transporter.
   372 | D        | Reached XP level 8. HP: 78/83 MP: 7/7
   379 | D        | Reached **** piety under Trog
   383 | D        | Reached skill level 9 in Shields
   399 | D        | Entered arena 6.
   399 | D        | Found a transporter.
   403 | D        | Reached ***** piety under Trog
   409 | D        | Reached skill level 10 in Shields
   421 | D        | Got the +1 pair of boots of the Grim Hot Ocelot {rElec
                  | rPois Will- Int+2}
   433 | D        | Entered arena 7.
   433 | D        | Noticed a draconian
   433 | D        | Noticed a white draconian
   433 | D        | Noticed a green draconian
   433 | D        | Noticed a draconian
   433 | D        | Noticed a draconian
   433 | D        | Noticed a draconian
   434 | D        | Found a transporter.
   439 | D        | Killed a draconian
   440 | D        | Reached skill level 11 in Shields
   444 | D        | Killed a green draconian
   445 | D        | Reached skill level 10 in Armour
   445 | D        | Reached skill level 13 in Shields
   445 | D        | Reached XP level 9. HP: 92/92 MP: 8/8
   456 | D        | Killed a white draconian
   457 | D        | Reached skill level 14 in Shields
   460 | D        | Killed a draconian
   461 | D        | Reached skill level 15 in Shields
   468 | D        | Killed a draconian
   468 | D        | Received a gift from Trog
   469 | D        | Reached XP level 10. HP: 98/101 MP: 9/9
   475 | D        | Killed a draconian
   476 | D        | Reached skill level 16 in Shields
   489 | D        | Entered arena 8.
   489 | D        | Noticed a vault warden
   489 | D        | Noticed a vault warden
   489 | D        | Noticed an ironbound preserver
   489 | D        | Noticed a vault guard
   489 | D        | Noticed a yaktaur captain
   489 | D        | Noticed an ironbound convoker
   490 | D        | Found a transporter.
   501 | D        | Killed an ironbound preserver
   502 | D        | Reached skill level 17 in Shields
   503 | D        | Mangled by a vault warden

Illustrated notes

Levels and vault maps discovered:
D:        sprint_v [room_start, room_1, room_2, room_3, room_4, room_5, room_6,
          room_7, room_8, room_9, room_10, room_11, room_12, room_13, room_14,
          room_15, room_16, room_17, room_18, room_19, room_20, room_21,
          room_22, room_23, room_24, room_25, room_26, room_27]

Skill      XL: |  1  2  3  4  5  6  7  8  9 10 |
---------------+-------------------------------+-----
Fighting       | 6 7 8 9 11 12 13 | 13.7
Polearms       | 6 7 9 10 11 12 13 14 | 14.6
Armour         | 3 4 5 6 7 8 10 11 12 | 12.5
Dodging        | 3 4 5 6 |  6.7
Shields        | 1 2 3 4 6 8 13 15 17 | 17.0
Evocations     | |  0.7

Action                   |  1- 3 |  4- 6 |  7- 9 | 10-12 || total
-------------------------+-------+-------+-------+-------++-------
Melee: Lance             |     6 |    18 |    68 |    17 ||   109
       Headbutt          |     1 |     4 |     6 |     8 ||    19
Invok: Berserk           |       |     1 |     1 |       ||     2
Evoke: Condenser vane    |       |     1 |       |     1 ||     2
Armor: Plate armour      |       |    36 |    39 |     6 ||    81
Dodge: Dodged            |       |       |     4 |       ||     4
Block: Kite shield       |     9 |    38 |    77 |    26 ||   150
